 Dungeon Crawl Stone Soup version 0.18.1-6-gd335043 (webtiles) character file.

707 mopl the Cleaver (level 7, -13/58 HPs)
             Began as a Hill Orc Fighter on May 19, 2016.
             Was an Initiate of the Shining One.
             Mangled by an ogre
             ... wielding a +0 giant club
              (18 damage)
             ... on level 5 of the Dungeon.
             The game lasted 00:07:48 (3943 turns).

mopl the Cleaver (Hill Orc Fighter)                 Turns: 3943, Time: 00:07:50

Health: -13/58     AC: 15    Str: 19    XL:     7   Next: 67%
Magic:  0/7        EV:  5    Int:  8    God:    the Shining One [......]
Gold:   623        SH:  9    Dex: 12    Spells: 0 memorised, 6 levels left

rFire  . . .     SeeInvis .     a - +0 war axe
rCold  + . .     Gourm    .     y - +2 chain mail {MR+}
rNeg   + . .     Faith    .     c - +0 shield
rPois  .         Spirit   +     r - +2 hat of the Bear Spirit {Spirit, +Rage rN+ MR++}
rElec  .         Dismiss  .     (no cloak)
rCorr  .         Reflect  .     u - +1 pair of gloves
SustAt .         Harm     .     (no boots)
MR     +++..                    (no amulet)
Stlth  ..........               (no ring)
                                e - ring of protection from cold

@: lethally poisoned (-13 -> -15), glowing, extremely resistant to hostile
enchantments, extremely unstealthy
A: no striking features
a: Renounce Religion, Evoke Berserk Rage


You were on level 5 of the Dungeon.
You worshipped the Shining One.
The Shining One was noncommittal.
You were hungry.

You visited 2 branches of the dungeon, and saw 6 of its levels.

You collected 623 gold pieces.

Inventory:

Hand Weapons
 a - a +0 war axe (weapon)
Missiles
 n - 10 tomahawks (quivered)
Armour
 c - a +0 shield (worn)
 r - the +2 hat of the Bear Spirit (worn) {Spirit, +Rage rN+ MR++}
   (You found it on level 4 of the Dungeon)

   It protects you from negative energy.
   It affects your resistance to hostile enchantments.
   It lets you go berserk.
 u - a +1 pair of gloves (worn)
 y - a +2 chain mail of magic resistance (worn)
Jewellery
 e - a ring of protection from cold (left hand)
Wands
 k - a wand of enslavement (5/24)
Scrolls
 d - a scroll of teleportation {unknown}
 g - a scroll of amnesia
 h - 2 scrolls of identify
 j - a scroll of fear
 q - a scroll of random uselessness {unknown}
 t - a scroll of immolation {unknown}
 v - 2 scrolls of remove curse {unknown}
 x - 2 scrolls of enchant armour {unknown}
Potions
 i - 2 potions of resistance
 m - a potion of might
 o - a potion of flight
 p - 2 potions of magic
Comestibles
 b - a beef jerky
 f - 2 royal jellies
 l - 3 meat rations
 w - a bread ration
 z - a chunk of flesh


   Skills:
 + Level 3.9 Fighting
 * Level 10.4 Axes
 * Level 3.9 Armour
 + Level 0.2 Dodging
 - Level 3.2 Shields
 + Level 0.3 Invocations


You had 6 spell levels left.
You didn't know any spells.

Dungeon Overview and Level Annotations

Branches:
Dungeon (5/15)             Temple (1/1) D:4

Altars:
Cheibriados
Dithmenos
Elyvilon
Fedhas
Gozag
Kikubaaqudgha
Makhleb
Nemelex Xobeh
Okawaru
Pakellas
Qazlal
Ru
Sif Muna
Trog
Xom
Yredelemnul
Zin
The Shining One


Message History

Unknown command.
Read which item? (? for menu, Esc to quit)
Okay, then.
Evoke which item? (* to show all) (? for menu, Esc to quit)
Zapping:
k - a wand of enslavement {zapped: 4} (will waste charges)
Press: ? - help, Shift-Dir - straight line, f - ogre
Aim: an ogre, wielding a giant club (heavily wounded, berserk, fast, unusually strong, poisoned, incited by Gozag, chance to defeat MR: 46%)
Okay, then.
Unknown command.
Unknown command.
Read which item? (? for menu, Esc to quit)
As you read the scroll labeled HIRIRO SENINK, it crumbles to dust.
It is a scroll of amnesia.
You feel forgetful for a moment.
You feel sick.
Read which item? (? for menu, Esc to quit)
As you read the scroll labeled PIMMAUMPIUSE, it crumbles to dust.
You assume a fearsome visage.
The ogre resists with some effort.
The crimson imp is unaffected.
It was a scroll of fear.
The ogre hits you with a giant club!!
You die...

#.###### #.## #....s.#
...# #s# ##### #..#
#.# #... ...#
#.#########.######..#
#.............).....#
#####....##....###.##
#.##.##.######.######
#.#...)...(@O.5.......
#.#.>.................
#.#.............#.##..
#.....###.#..##.#..#
#.......#.#.....# .#
#.....#.#(...#... #
#######......#.###
###..#.#<..#
##..#.....#


You could see an ogre (berserk) and a crimson imp.

Vanquished Creatures
  The ghost of mopl the Cleaver, an amateur HOFi (D:3)
  Blork the orc (D:4)
  Jessica (D:3)
  3 orc wizards (D:3)
  Natasha (D:3)
  A worker ant (D:4)
  7 gnolls
  7 adders (D:3)
  An ooze (D:1)
  A dart slug (D:4)
  19 orcs
  5 giant cockroaches
  4 goblins
  14 hobgoblins
  9 jackals
  A quokka (D:2)
  A ball python (D:4)
  5 bats
  4 giant newts
  10 kobolds
  6 rats
102 creatures vanquished.

Vanquished Creatures (others)
  A scorpion (D:5)
1 creature vanquished.

Grand Total: 103 creatures vanquished

Notes
Turn   | Place    | Note
--------------------------------------------------------------
     0 | D:1      | mopl the Hill Orc Fighter began the quest for the Orb.
     0 | D:1      | Reached XP level 1. HP: 19/19 MP: 1/1
   116 | D:1      | Reached skill level 3 in Axes
   185 | D:1      | Reached XP level 2. HP: 19/26 MP: 2/2
   335 | D:1      | Reached skill level 4 in Axes
   518 | D:1      | Reached XP level 3. HP: 24/31 MP: 3/3
   786 | D:2      | Found an opulent altar of Gozag.
   828 | D:2      | Found a faded altar to an unknown god.
   845 | D:2      | Became a worshipper of Gozag Ym Sagoz the Greedy
  1036 | D:2      | Reached skill level 5 in Axes
  1479 | D:3      | Noticed Jessica
  1485 | D:3      | Killed Jessica
  1485 | D:3      | Reached XP level 4. HP: 34/39 MP: 4/4
  1516 | D:3      | Reached skill level 6 in Axes
  1683 | D:3      | Reached XP level 5. HP: 35/45 MP: 5/5
  1709 | D:3      | Reached skill level 7 in Axes
  1763 | D:3      | Noticed mopl's ghost (amateur HOFi)
  1926 | D:3      | Killed mopl's ghost
  1926 | D:3      | Reached skill level 9 in Axes
  1926 | D:3      | Reached XP level 6. HP: 13/51 MP: 6/6
  2171 | D:3      | Noticed Natasha
  2181 | D:3      | Killed Natasha
  2181 | D:3      | Reached XP level 7. HP: 41/57 MP: 7/7
  2727 | D:3      | Reached skill level 10 in Axes
  2816 | D:3      | Fell from the grace of Gozag
  2981 | D:4      | Found a staircase to the Ecumenical Temple.
  3406 | Temple   | Entered the Ecumenical Temple
  3454 | Temple   | Became a worshipper of the Shining One
  3524 | D:4      | Noticed Blork the orc
  3533 | D:4      | Killed Blork the orc
  3803 | D:4      | Found a snail-covered altar of Cheibriados.
  3803 | D:4      | Found an opulent altar of Gozag.
  3879 | D:5      | Entered Level 5 of the Dungeon
  3943 | D:5      | Mangled by an ogre

Skill      XL: |  1  2  3  4  5  6  7 |
---------------+----------------------+-----
Axes           | 3 4 5 6 9 10 | 10.4
Fighting       | |  3.9
Armour         | |  3.9
Dodging        | |  0.2
Shields        | |  3.2
Invocations    | |  0.3

Action                   |  1- 3 |  4- 6 |  7- 9 || total
-------------------------+-------+-------+-------++-------
Melee: War axe           |   128 |   113 |   119 ||   360
Invok: Potion Petition   |       |     1 |       ||     1
       Renounce Religion |       |       |     1 ||     1
Evoke: Wand              |       |       |     1 ||     1
  Use: Potion            |       |     1 |     1 ||     2
       Scroll            |       |       |     6 ||     6
 Stab: Distracted        |       |     1 |     1 ||     2
  Eat: Chunk             |     1 |       |     2 ||     3
       Pizza             |       |     1 |       ||     1
       Beef jerky        |       |     1 |       ||     1
       Bread ration      |       |     1 |       ||     1
Armor: Scale mail        |    65 |    53 |    41 ||   159
       Chain mail        |       |       |    11 ||    11
Dodge: Dodged            |    49 |    30 |    30 ||   109
Block: Shield            |    63 |    47 |    66 ||   176
